 Dungeon Crawl Stone Soup version 0.27-a0-1140-g099f9bb0e8 (webtiles) character file.

Game seed: 17042337426732167003

9 Froggeryz the Cudgeller (level 2, 0/25 HPs)
             Began as a Palentonga Chaos Knight on May 10, 2021.
             Was a Plaything of Xom.
             Killed from afar by a dart slug (2 damage)
             ... with a slug dart
             ... on level 1 of the Dungeon.
             The game lasted 00:00:15 (75 turns).

Froggeryz the Cudgeller (Palentonga Chaos Knight)     Turns: 75, Time: 00:00:16

Health: 0/25       AC:  6    Str: 15    XL:     2   Next: 3%
Magic:  2/2        EV:  9    Int: 12    God:    Xom [..*...]
Gold:   30         SH:  0    Dex:  9    Spells: 1/1 levels left

rFire    . . .     SeeInvis +   a - +0 mace (chaos)
rCold    . . .     Faith    .   (no shield)
rNeg     . . .     Spirit   .   b - +2 leather armour
rPois    .         Reflect  .   (no helmet)
rElec    .         Harm     .   (no cloak)
rCorr    .         Rampage  .   (no gloves)
Will     .....                  (no barding)
Stlth    +.........             (no amulet)
HPRegen  0.08/turn              (no ring)
MPRegen  0.08/turn              (no ring)

@: no status effects
A: large, rugged brown scales 3, see invisible, deformed body, roll 1, armoured
tail
a: Rolling Charge, Renounce Religion


You were on level 1 of the Dungeon.
You worshipped Xom.
You were a toy of Xom.
You visited 1 branch of the dungeon, and saw 1 of its levels.

You collected 30 gold pieces.

Inventory:

Hand Weapons
 a - a +0 mace of chaos (weapon)
Armour
 b - a +2 leather armour (worn)


   Skills:
 - Level 3.0 Fighting
 * Level 3.6 Maces & Flails
 - Level 1.5 Armour
 - Level 0.7 Dodging


You had one spell level left.
You didn't know any spells.
Your spell library was empty.

Dungeon Overview and Level Annotations

Branches:
Dungeon (1/15)

Altars:


Innate Abilities, Weirdness & Mutations

You are completely covered in rugged brown scales. (AC +3, +7% HP)
You have supernaturally acute eyesight. (SInv)
Armour fits poorly on your strangely shaped body.
You can roll at nearby foes to attack.
You have a long armoured tail.


Message History

The bat hits you. The bat closely misses you.
The bat hits you but does no damage. The kobold hits you but does no damage.
You are too injured to fight recklessly!
You are too injured to fight recklessly!
You are too injured to fight recklessly!
You are too injured to fight recklessly!
You are too injured to fight recklessly!
You are too injured to fight recklessly!
You are too injured to fight recklessly!
You are too injured to fight recklessly!
You are too injured to fight recklessly!
You are too injured to fight recklessly!
You are too injured to fight recklessly!
You are too injured to fight recklessly!
The bat hits you but does no damage.
You are too injured to fight recklessly!
You are too injured to fight recklessly!
You hit the bat. You drain the bat. You tail-slap the bat.
You kill the bat!
The bat barely misses you. The dart slug launches a dart at you.
The slug dart hits you!
* * * LOW HITPOINT WARNING * * *
You have reached level 2!
You aren't carrying any potions.
As you read the scroll labelled BOJALO LIMAANG, it crumbles to dust.
You hear a loud clanging noise!
It was a scroll of noise.
Xom is mildly amused.
You hear a shout!
You hear an angry hiss.
You hit the kobold. You burn the kobold.
The kobold is severely wounded.
The kobold hits you but does no damage.
You hit the kobold.
You kill the kobold!
The bat barely misses you. The dart slug launches a dart at you.
The slug dart hits you.
You die... "It's all fun and games until someone loses an eye."

#..####.# .
########.#.##
...
........###.#
...
########.#.##
....
#....####...#
####........#
..
###.###.#...#
#.##......#
#†#@# #w)##
##.†b.#
b........
#..##....#
#.## .##.. ..
$ . .. . ..#
..


You could see a dart slug and a bat.

Vanquished Creatures
  A bat (D:1)
  A hobgoblin (D:1)
  2 quokkas (D:1)
  3 ball pythons (D:1)
  A frilled lizard (D:1)
  2 kobolds (D:1)
10 creatures vanquished.

Notes
Turn   | Place    | Note
-------+----------+-------------------------------------------
     0 | D:1      | Froggeryz the Palentonga Chaos Knight began the quest for
                  | the Orb.
     0 | D:1      | Reached XP level 1. HP: 19/19 MP: 1/1
    73 | D:1      | Reached XP level 2. HP: 2/25 MP: 2/2
    75 | D:1      | Killed from afar by a dart slug

Illustrated notes

Levels and vault maps discovered:
D:1:      giann_forest_graveyard, layout_loops_ring, minmay_pentomino_w4

Action                   || total
-------------------------++-------
Melee: Mace              ||    28
       Tailslap          ||     2
  Use: Scroll            ||     1
Armor: Leather armour    ||    22
Dodge: Dodged            ||    20

Table legend: (Time is in decaauts)
 A = Elapsed time spent in this place.
 B = Non-inter-level travel time spent in this place.
 C = Inter-level travel time spent in this place.
 D = Time resting spent in this place.
 E = Time spent auto-exploring this place.
 F = Levels seen in this place.
 G = Mean time per level.
                   A        B        C        D        E       F      G
               +--------+--------+--------+--------+--------+-----+--------+
         Total |     81 |     81 |      0 |      0 |     40 |   1 |   81.0 |
       Dungeon |     81 |     81 |      0 |      0 |     40 |   1 |   81.0 |
               +--------+--------+--------+--------+--------+-----+--------+

Top non-repeatable levels by time:
     D:1: 81 daAuts
